Map: Ascension to Aiur LE

Players

Bung

  • Race: Protoss Protoss
  • Spawn Location: 5:00

Yata - Winner!

  • Race: Zerg Zerg
  • Spawn Location: 11:00

VOD

Have the link to the VOD?

Description

Time

  • Played on: July 6, 2017, 9:29 p.m.
  • Length: 11:51
Show
View Real Time Build Order
Export as new Build Order

Bung Protoss 

Build Orders:  

Get SALT Encoding   

  12  0:06  Probe (Chrono Boost)  
  13  0:17  Probe (Chrono Boost)  
  13  0:20  Pylon  
  14  0:27  Probe (Chrono Boost)  
  15  0:34  Pylon  
  15  0:39  Probe (Chrono Boost)  
  16  0:44  Assimilator  
  16  0:51  Assimilator  
  16  0:52  Probe (Chrono Boost)  
  17  1:02  Probe (Chrono Boost)  
  18  1:10  Gateway  
  18  1:20  Forge  
  18  1:27  Probe (Chrono Boost)  
  19  1:38  Probe (Chrono Boost)  
  20  1:48  Probe (Chrono Boost)  
  21  1:57  Protoss Ground Weapons Level 1  
  21  1:59  Probe (Chrono Boost)  
  22  2:02  Zealot  
  24  2:29  Zealot  
  26  2:46  Cybernetics Core  
  26  2:56  Zealot  
  28  3:11  Nexus  
  28  3:23  Zealot, Protoss Air Weapons Level 1  
  30  3:52  Protoss Shields Level 1  
  30  3:53  Pylon  
  30  4:06  Pylon  
  32  4:22  Probe (Chrono Boost)  
  33  4:32  Probe (Chrono Boost)  
  33  4:37  Stalker  
  34  4:43  Mothership Core (Chrono Boost)  
  36  4:51  Probe (Chrono Boost)  
  37  5:01  Assimilator, Probe (Chrono Boost)  
  38  5:07  Assimilator  
  38  5:12  Probe (Chrono Boost)  
  38  5:13  Zealot  
  41  5:22  Gateway  
  41  5:23  Probe (Chrono Boost)  
  42  5:33  Twilight Council, Probe (Chrono Boost)  
  43  5:40  Zealot  
  45  5:44  Probe (Chrono Boost)  
  45  5:46  Protoss Ground Armor Level 1  
  46  5:52  Probe (Chrono Boost)  
  46  5:54  Probe (Chrono Boost)  
  48  6:03  Probe (Chrono Boost)  
  49  6:05  Probe (Chrono Boost)  
  49  6:07  Zealot  
  52  6:13  Probe (Chrono Boost)  
  52  6:15  Probe (Chrono Boost)  
  54  6:24  Probe (Chrono Boost)  
  55  6:26  Probe (Chrono Boost)  
  56  6:35  Zealot  
  58  6:43  Pylon  
  58  6:55  Sentry  
  58  6:59  Probe (Chrono Boost)  
  61  7:02  Zealot  
  62  7:09  Probe (Chrono Boost)  
  63  7:20  Probe (Chrono Boost)  
  63  7:21  Sentry  
  66  7:29  Stalker, Photon Cannon  
  68  7:30  Probe (Chrono Boost)  
  68  7:41  Probe (Chrono Boost)  
  67  7:48  Sentry  
  69  8:08  Pylon  
  69  8:16  Pylon, Protoss Ground Armor Level 2  
  69  8:19  Protoss Air Armor Level 1  
  69  8:26  Stalker x2  
  73  8:55  Photon Cannon  
  73  8:56  Adept x2  
  73  9:01  Photon Cannon  
  77  9:04  Stargate  
  61  9:23  Zealot x2  
  45  9:45  Probe (Chrono Boost)  
  40  9:50  Zealot  
  40  9:51  Sentry  
  39  9:55  Probe (Chrono Boost)  
  28  10:06  Probe (Chrono Boost)  
  25  10:17  Adept  
  26  10:27  Photon Cannon  
Show
View Real Time Build Order
Export as new Build Order

Yata Zerg - Winner!

Build Orders: Hatch First 

Get SALT Encoding   

  12  0:03  Drone  
  13  0:12  Overlord  
  13  0:17  Drone  
  14  0:30  Drone  
  14  0:31  Drone  
  16  0:36  Drone  
  17  0:54  Hatchery  
  16  0:57  Drone  
  16  1:01  Drone  
  18  1:08  Extractor  
  17  1:15  Drone  
  18  1:21  Spawning Pool  
  18  1:24  Drone  
  18  1:32  Overlord  
  18  1:42  Drone  
  19  2:09  Zergling x4  
  19  2:11  Queen  
  19  2:12  Queen  
  25  2:15  Metabolic Boost  
  25  2:24  Roach Warren  
  24  2:31  Drone  
  24  2:32  Drone x2  
  27  2:42  Drone x3  
  30  2:53  Queen  
  32  3:00  Queen  
  34  3:17  Drone x2  
  34  3:19  Overlord x2  
  36  3:50  Lair  
  36  3:57  Extractor  
  36  4:02  Extractor  
  34  4:06  Extractor  
  33  4:14  Drone x7  
  33  4:15  Drone x2  
  42  4:33  Hatchery  
  41  4:50  Roach  
  41  4:51  Roach x4  
  41  4:52  Overlord x4  
  51  5:00  Glial Reconstitution  
  51  5:39  Drone x8  
  59  5:58  Roach  
  59  5:59  Roach x7  
  75  6:11  Ravager  
  76  6:14  Ravager  
  71  6:29  Drone x9  
  80  6:50  Roach x5  
  90  6:58  Overlord x4  
  90  7:24  Roach x2  
  90  7:25  Roach x8  
  108  7:38  Ravager  
  108  7:42  Ravager  
  110  7:46  Roach x6  
  122  7:57  Roach  
  122  7:58  Roach  
  121  8:11  Drone  
  122  8:16  Overlord x4  
  122  8:17  Overlord  
  122  8:24  Overseer  
  122  8:36  Ravager x7  
  122  8:37  Ravager x2  
  117  10:14  Overlord x9  
  117  10:47  Drone  
  117  10:48  Drone x9  
Tags
 
Matchup
PvZ
Replay Pack
Pack 1
Spawn Locations
Cross Positions
Add a new tag
Caveats
  • Supply blocks, unpowered buildings, or Contaminate may cause inaccurate times.
  • Supply counts are checked every 10 seconds.